 Dungeon Crawl Stone Soup version bcrawl-1.28.1b (webtiles) character file.

Game seed: 15432170894443329683

162495 Adamkad1 the Ruffian (level 4, 0/36 HPs)
             Began as a Draconian Transmuter on Dec 13, 2020.
             Killed by divine providence
             ... invoked by an orc priest
              (10 damage)
             ... on level 3 of the Dungeon.
             The game lasted 00:01:59 (1243 turns).

Adamkad1 the Ruffian (Draconian Transmuter)         Turns: 1243, Time: 00:01:59

Health: 0/36       AC:  2    Str: 13    XL:     4   Next: 21%
Magic:  5/7        EV: 20    Int: 14    God:
Gold:   56         SH:  0    Dex: 16    Spells: 2/8 levels left

rFire    . . .     SeeInvis .     - Fangs (venom) (9.5)
rCold    . . .     Gourm    .   (shield currently unavailable)
rNeg     . . .     Faith    .   (armour unavailable)
rPois    x         Spirit   .   (helmet currently unavailable)
rElec    .         Reflect  .   (cloak currently unavailable)
rCorr    .         Harm     .   (gloves currently unavailable)
MR       .....                  (boots currently unavailable)
Stlth    +.........             (no amulet)
HPRegen  0.12/turn              (no ring)
MPRegen  0.10/turn              (no ring)

@: spider-form (expiring), very slightly contaminated
A: tiny, unfitting armour, AC +5
a: End Transformation


You were on level 3 of the Dungeon.
You were hungry.
You were a venomous arachnid creature.
You visited 1 branch of the dungeon, and saw 4 of its levels.

You collected 56 gold pieces.

Inventory:

Missiles
 a - 202 arrows
Jewellery
 d - a cursed amulet of the gourmand {unknown}
Scrolls
 h - a scroll of fog {unknown}
 j - a scroll of remove curse {unknown}
 k - a scroll of amnesia {unknown}
Potions
 c - a potion of lignification
 f - 2 potions of resistance {unknown}
 g - a potion of brilliance {unknown}
 i - a potion of flight {unknown}
Comestibles
 b - 2 chunks of flesh
 e - 2 rations {!d}


   Skills:
 + Level 2.1 Fighting
 + Level 2.4 Dodging
 + Level 3.4 Unarmed Combat
 + Level 2.5 Spellcasting
 + Level 2.6 Transmutations


You had 2 spell levels left.
You knew the following spells:

 Your Spells              Type           Power        Failure   Level  Hunger
a - Beastly Appendage     Tmut           #.....       21%         1    None
b - Spider Form           Tmut/Pois      #..          58%         3    ####...
c - Passwall              Tmut/Erth      #.......     41%         2    ##.....

Your spell library contained the following spells:

 Spells                   Type           Power        Failure   Level  Hunger
 Sticks to Snakes         Tmut           #.......     28%         2    ##.....
 Ice Form                 Ice/Tmut       #.......     91%         4    ######.
 Blade Hands              Tmut           #.........   98%         5    #######


Dungeon Overview and Level Annotations

Branches:
Dungeon (4/12)
 Temple: D:4-7

Altars:
Hepliaklqana


Innate Abilities, Weirdness & Mutations

((Your plain brown scales are hard. (AC +5)))
You cannot fit into any form of body armour.
((You are cold-blooded and may be slowed by cold attacks.))


Message History

Your transformation is almost over.
The hobgoblin closely misses you. The hobgoblin completely misses you.
There is a stone staircase leading down here.
The orc priest completely misses you. The orc hits you with a +0 dagger.
The orc priest hits you with a +0 trident!
You closely miss the orc priest. The orc completely misses you.
The orc priest calls down the wrath of Beogh upon you.
Beogh smites you! The orc priest completely misses you.
You hit the orc priest but do no damage.
The orc priest is poisoned.
The orc hits you with a +0 dagger.
You bite the orc priest!
The orc priest looks more poisoned.
The orc priest is severely wounded.
The orc priest hits you with a +0 trident.
* * * LOW HITPOINT WARNING * * *
The orc barely misses you.
The orc priest invokes the aid of Beogh against you.
Beogh smites you!
You die... ....#....##.# ... +...###o# ##..# #.# #..###.# #...##.# #.#.##.# #.#.##.# #.#.##.# #..s...# ########.#.# # #.###...# #oog#

.. #.......# ##..#
#.#####...# ##..#
#.........####..>#
######
#.........'......#
#.....
#.........#......#
#.....
#.#####...#......#
#.....


You could see an orc priest, an orc and a hobgoblin.

Vanquished Creatures
  An iguana (D:4)
  An ooze (D:1)
  4 worms
  2 dart slugs (D:1)
  2 leopard geckos
  4 bats
  2 giant cockroaches
  5 goblins
  3 hobgoblins (D:1)
  4 jackals (D:3)
  A frilled lizard (D:1)
  3 kobolds (D:1)
  3 rats
35 creatures vanquished.

Notes
Turn   | Place    | Note
-------+----------+-------------------------------------------
     0 | D:1      | Adamkad1 the Draconian Transmuter began the quest for the
                  | Orb.
     0 | D:1      | Reached XP level 1. HP: 16/16 MP: 3/3
   207 | D:1      | Reached XP level 2. HP: 23/23 MP: 3/5
   575 | D:1      | Reached XP level 3. HP: 22/29 MP: 4/6
   905 | D:3      | Found a hazy altar of Hepliaklqana.
  1084 | D:4      | Reached XP level 4. HP: 5/36 MP: 5/7
  1214 | D:4      | Learned a level 3 spell: Spider Form
  1217 | D:4      | Learned a level 2 spell: Passwall
  1243 | D:3      | Killed from afar by an orc priest

Skill      XL: |  1  2  3 |
---------------+----------+-----
Dodging        | 2 |  2.4
Fighting       | 2 |  2.1
Unarmed Combat | |  3.4
Spellcasting   | |  2.5
Transmutations | |  2.6

Action                   |  1- 3 |  4- 6 || total
-------------------------+-------+-------++-------
Melee: Unarmed           |   115 |     3 ||   118
       Tailslap          |    16 |       ||    16
       Headbutt          |     7 |       ||     7
       Kick              |    14 |       ||    14
       Punch             |     2 |       ||     2
 Cast: Beastly Appendage |    18 |       ||    18
       Spider Form       |       |     1 ||     1
 Stab: Sleeping          |     2 |       ||     2
  Eat: Chunk             |     3 |     1 ||     4
Armor: Skin              |    24 |       ||    24
Dodge: Dodged            |    56 |     6 ||    62
